 Dungeon Crawl Stone Soup version 0.20.1-1-g8b1a95d (webtiles) character file.

10176 Fisto the Spear-Bearer (level 11, -3/97 HPs)
             Began as a Minotaur Fighter on Nov 8, 2017.
             Was an Elder of the Shining One.
             Slain by a sun demon (12 damage)
             ... summoned by an orc sorcerer
             ... on level 1 of the Orcish Mines.
             The game lasted 01:24:32 (11535 turns).

Fisto the Spear-Bearer (Minotaur Fighter)          Turns: 11535, Time: 01:24:33

Health: -3/97      AC: 16    Str: 24    XL:     11   Next: 32%
Magic:  10/10      EV:  7    Int:  5    God:    the Shining One [****..]
Gold:   701        SH: 12    Dex: 10    Spells: 10/10 levels left

rFire    . . .     SeeInvis .   i - +1 trident (freeze)
rCold    . . .     Gourm    .   c - +0 shield
rNeg     + + +     Faith    .   h - +0 plate armour
rPois    +         Spirit   .   (helmet restricted)
rElec    .         Reflect  .   (no cloak)
rCorr    .         Harm     .   (no gloves)
MR       .....                  (no boots)
Stlth    ..........             (no amulet)
Regen    0.7/turn               u - ring of positive energy
MPRegen  0.2/turn               e - +2 ring of protection

@: flying, glowing
A: retaliatory headbutt, horns 2, poison resistance, regeneration 1, MP-powered
wands
a: Divine Shield, Cleansing Flame, Renounce Religion


You were on level 1 of the Orcish Mines.
You worshipped the Shining One.
The Shining One was greatly pleased with you.
You were full.

You visited 3 branches of the dungeon, and saw 13 of its levels.

You collected 701 gold pieces.

Inventory:

Hand Weapons
 i - a +1 trident of freezing (weapon)
 n - a +0 glaive
 B - a +5 morningstar
Missiles
 a - 3 throwing nets (quivered)
 z - 4 tomahawks
Armour
 c - a +0 shield (worn)
 h - a +0 plate armour (worn)
Jewellery
 e - a +2 ring of protection (right hand)
 u - a ring of positive energy (left hand)
Wands
 E - a wand of iceblast (2/15)
Scrolls
 b - 2 scrolls of identify
 o - 2 scrolls of magic mapping
 q - 2 scrolls of fear
 r - a scroll of noise {unknown}
 v - a scroll of enchant armour {unknown}
 y - 4 scrolls of remove curse
 A - a scroll of amnesia {unknown}
 C - a scroll of vulnerability {unknown}
 D - a scroll of fog {unknown}
Potions
 d - 2 potions of flight
 k - 2 potions of berserk rage {unknown}
 l - 5 potions of curing
 p - 2 potions of mutation
 s - a potion of invisibility {unknown}
Books
 x - a book of Minor Magic

   Spells                             Type                      Level
   a - Magic Dart                     Conjuration                  1
   b - Blink                          Translocation                2
   c - Call Imp                       Summoning                    2
   d - Slow                           Hexes                        2
   e - Conjure Flame                  Conjuration/Fire             3
   f - Mephitic Cloud                 Conjuration/Poison/Air       3
Comestibles
 f - 7 bread rations
 g - 5 meat rations
 m - 6 royal jellies
 t - 4 chunks of flesh
 F - 4 fruits


   Skills:
 + Level 9.4 Fighting
   Level 9.7(11.6) Axes
 + Level 10.5(12.0) Polearms
 + Level 10.0 Armour
 + Level 3.2 Dodging
 + Level 9.7 Shields
 + Level 0.4 Invocations


You had 10 spell levels left.
You didn't know any spells.

Dungeon Overview and Level Annotations

Branches:
Dungeon (11/15)            Temple (0/1) D:6            Lair (1/6) D:8
    Orc (1/2) D:10

Altars:
Ashenzari
Gozag
Hepliaklqana
Kikubaaqudgha
Makhleb
Nemelex Xobeh
Okawaru
Ru
Sif Muna
Uskayaw
Vehumet
Yredelemnul
The Shining One

Shops:
D:5 (   D:7 [


Innate Abilities, Weirdness & Mutations

You reflexively headbutt those who attack you in melee.
You have a pair of horns on your head.
Your system is resistant to poisons. (rPois)
Your natural rate of healing is unusually fast.
You expend magic power (3 MP) to strengthen your wands.


Message History

Your divine shield fades away.
The orc sorcerer casts a spell at you.
You suddenly lose the ability to move!
The sun demon hits you!
You are engulfed in flames!
The sun demon hits you!
You are engulfed in flames!
The sun demon hits you but does no damage.
You can move again.
You feel much better. The sun demon hits you!
You are engulfed in flames!
You block the orc sorcerer's attack.
The orc sorcerer wildly gestures.
The orc sorcerer glows brightly for a moment.
The orc sorcerer gestures wildly while chanting.
The orc sorcerer gestures at you while chanting.
The bolt of fire hits you!
* * * LOW HITPOINT WARNING * * *
You feel very buoyant.
You fly up into the air.
The sun demon hits you!
* * * LOW HITPOINT WARNING * * *
You are engulfed in flames!
You die...

.........#..........>.......# .
#......................#.##
..#......))..............##$#
.......)...[).).#.............
...........)<.................#
##...#.....[..................#
##.###........................
###......#...................
#.....#.##...@..............
..............3.....#.#.##
.............##...........#
.................4o....#.##
......................##.#$
..#................
...>...........###.
.........$....# .............##


You could see a sun demon, a chaos spawn and an orc sorcerer.

Vanquished Creatures
  A two-headed ogre (D:10)
  The ghost of RebelPilot31 the Slasher, a novice DrTm of Okawaru (D:9)
  A cyclops (D:9)
  A troll (Orc:1)
  The ghost of pedant the Cleaver, an amateur HOAK of Lugonu (D:6)
  A wyvern (D:10)
  A spriggan (D:7)
  2 wraiths
  11 yaks
  The ghost of blah the Skirmisher, an amateur BaFi (D:3)
  2 hungry ghosts (D:7)
  A warg (D:10)
  A water moccasin (Lair:1)
  6 orc warriors
  2 black bears (D:7)
  7 ice beasts
  3 sky beasts
  6 ogres
  A necrophage (D:8)
  A phantom (D:9)
  5 centaurs
  2 big kobolds
  2 bullfrogs
  A wyvern zombie (D:7)
  A wyvern skeleton (D:7)
  3 scorpions
  A water moccasin skeleton (D:10)
  3 wights (D:11)
  2 crimson imps (D:7)
  2 bullfrog zombies
  A jelly (D:7)
  3 quasits
  A centaur zombie (D:4)
  14 hounds
  A gnoll shaman (D:9)
  A centaur skeleton (D:10)
  12 orc priests
  3 bullfrog skeletons
  3 orc wizards
  4 worker ants
  2 hound zombies
  A hound skeleton (D:5)
  4 worker ant zombies
  12 gnolls
  A howler monkey skeleton (D:9)
  10 adders
  3 shadow imps
  An ooze (D:2)
  2 adder skeletons (D:5)
  An adder zombie (D:5)
  2 worms
  3 dart slugs (D:1)
  6 leopard geckos
  20 orcs
  4 giant cockroaches
  12 goblins
  8 hobgoblins
  11 jackals
  4 quokkas
  6 bats
  4 frilled lizards
  14 kobolds
  A quokka skeleton (D:7)
  A quokka zombie (D:6)
  4 rats
253 creatures vanquished.

Notes
Turn   | Place    | Note
-------+----------+-------------------------------------------
     0 | D:1      | Fisto the Minotaur Fighter began the quest for the Orb.
     0 | D:1      | Reached XP level 1. HP: 19/19 MP: 0/0
   159 | D:1      | Reached XP level 2. HP: 27/27 MP: 1/1
  1005 | D:2      | Reached XP level 3. HP: 33/33 MP: 2/2
  1244 | D:2      | Found a burning altar of Makhleb.
  1249 | D:2      | Reached XP level 4. HP: 30/40 MP: 3/3
  1582 | D:2      | Reached skill level 1 in Dodging
  1879 | D:3      | Found a hide-covered altar of Uskayaw.
  2427 | D:3      | Reached XP level 5. HP: 31/47 MP: 4/4
  2596 | D:3      | Noticed blah's ghost (amateur BaFi)
  2611 | D:3      | Killed blah's ghost
  2611 | D:3      | Reached skill level 5 in Armour
  2611 | D:3      | Reached XP level 6. HP: 9/53 MP: 5/5
  3436 | D:4      | Reached skill level 5 in Axes
  3436 | D:4      | Reached skill level 5 in Shields
  3562 | D:4      | Reached skill level 5 in Fighting
  3617 | D:4      | Found a basalt altar of Yredelemnul.
  3619 | D:4      | Noticed a profane servitor
  3634 | D:4      | Found a glowing golden altar of the Shining One.
  3636 | D:4      | Noticed an angel
  3647 | D:4      | Became a worshipper of the Shining One
  3826 | D:5      | Entered Level 5 of the Dungeon
  3953 | D:5      | Reached XP level 7. HP: 61/61 MP: 6/6
  4180 | D:5      | Found a deep blue altar of Sif Muna.
  4180 | D:5      | Found a hazy altar of Hepliaklqana.
  4235 | D:5      | Found Utigedgh's Weapon Shoppe.
  4284 | D:5      | Reached * piety under the Shining One
  4877 | D:6      | Reached XP level 8. HP: 70/70 MP: 7/7
  5111 | D:6      | Found an iron altar of Okawaru.
  5247 | D:6      | Found a staircase to the Ecumenical Temple.
  5411 | D:6      | Noticed pedant's ghost (amateur HOAK)
  5432 | D:6      | Killed pedant's ghost
  5616 | D:6      | Found an ancient bone altar of Kikubaaqudgha.
  5657 | D:6      | Noticed a two-headed ogre
  6415 | D:7      | Found a radiant altar of Vehumet.
  6468 | D:7      | Gained mutation: You expend magic power (3 MP) to strengthen your wands. [potion of mutation]
  6468 | D:7      | Gained mutation: Your natural rate of healing is unusually fast. [potion of mutation]
  6468 | D:7      | Gained mutation: Your system is resistant to poisons. (rPois) [potion of mutation]
  6576 | D:7      | Found a shattered altar of Ashenzari.
  6579 | D:7      | Found an iron altar of Okawaru.
  6582 | D:7      | Found a sacrificial altar of Ru.
  6585 | D:7      | Found a hide-covered altar of Uskayaw.
  6689 | D:7      | Reached XP level 9. HP: 78/78 MP: 8/8
  6887 | D:7      | Found Deikkife's Armour Shoppe.
  6998 | D:7      | Reached ** piety under the Shining One
  7008 | D:7      | Reached skill level 1 in Polearms
  7691 | D:8      | Reached skill level 5 in Polearms
  7902 | D:8      | Found a staircase to the Lair.
  7947 | Lair:1   | Entered Level 1 of the Lair of Beasts
  7955 | Lair:1   | Reached *** piety under the Shining One
  8085 | Lair:1   | Reached XP level 10. HP: 85/88 MP: 9/9
  8290 | Lair:1   | Noticed a four-headed hydra
  8867 | D:9      | Noticed RebelPilot31's ghost (novice DrTm)
  8899 | D:9      | Killed RebelPilot31's ghost
  8936 | D:9      | Noticed a cyclops
  9249 | D:9      | Found a sparkling altar of Nemelex Xobeh.
  9250 | D:9      | Found an opulent altar of Gozag.
  9742 | D:9      | Killed a cyclops
  9997 | D:10     | Entered Level 10 of the Dungeon
 10230 | D:10     | Found a staircase to the Orcish Mines.
 10258 | D:10     | Reached **** piety under the Shining One
 10260 | D:10     | Reached XP level 11. HP: 95/95 MP: 10/10
 10434 | D:10     | Reached skill level 10 in Polearms
 10704 | Orc:1    | Entered Level 1 of the Orcish Mines
 10872 | D:11     | Noticed a two-headed ogre
 10886 | D:11     | Noticed a two-headed ogre
 10908 | D:11     | Noticed a green ugly thing
 11285 | Orc:1    | Noticed a two-headed ogre
 11324 | D:10     | Killed a two-headed ogre
 11333 | D:10     | Reached skill level 10 in Armour
 11417 | Orc:1    | Reached ***** piety under the Shining One
 11519 | Orc:1    | Noticed an orc sorcerer
 11521 | Orc:1    | Noticed a sun demon
 11525 | Orc:1    | Paralysed by an orc sorcerer for 7 turns
 11535 | Orc:1    | Slain by a sun demon

Skill      XL: |  1  2  3  4  5  6  7  8  9 10 11 |
---------------+----------------------------------+-----
Shields        | 4 5 6 7 9 |  9.7
Fighting       | 4 5 6 7 8 9 |  9.4
Axes           | 3 4 5 7 9 |  9.7
Armour         | 4 5 6 7 8 9 10 | 10.0
Dodging        | 1 2 3 |  3.2
Polearms       | 6 9 10 | 10.5
Invocations    | |  0.4

Action                   |  1- 3 |  4- 6 |  7- 9 | 10-12 || total
-------------------------+-------+-------+-------+-------++-------
Melee: War axe           |    82 |   136 |   156 |       ||   374
       Headbutt          |    11 |    19 |    51 |    60 ||   141
       Trident           |       |       |   171 |   349 ||   520
Invok: Divine Shield     |       |       |       |     4 ||     4
  Use: Potion            |       |     4 |     5 |     6 ||    15
       Scroll            |       |     6 |     2 |     7 ||    15
  Eat: Chunk             |     1 |     4 |     4 |     1 ||    10
       Meat ration       |       |     1 |     2 |     3 ||     6
       Fruit             |       |       |     2 |       ||     2
       Bread ration      |       |       |     1 |       ||     1
Armor: Scale mail        |    49 |    44 |       |       ||    93
       Plate armour      |       |     4 |   153 |   114 ||   271
Dodge: Dodged            |    32 |    32 |    65 |    74 ||   203
Block: Shield            |    64 |    69 |   170 |   185 ||   488
